[Event "Titled Tuesday Blitz July 6 2021"]
[White "Eynullayev, Altay"]
[Black "Reprintsev, Alexander"]
[WhiteFideId "13413562"]
[BlackFideId "14100541"]
[WhiteElo "2079"]
[BlackElo "2126"]
[Result "1-0"]
[Round "09"]
[TimeControl "180+1"]
[Date "2021.07.06"]
[WhiteClock "0:00:05"]
[BlackClock "0:00:03"]

1. d4 d5 2. c4 e5 3. dxe5 d4 4. Nf3 Nc6 5. Nbd2 a5 6. g3 Nge7 7. Bg2 Nf5 8. O-O Be6 9. b3 h5 10. h4 Bc5 11. Ne4 Ba7 12. Bg5 Qd7 13. Qd3 Nb4 14. Qd2 c5 15. a3 Nc6 16. Qd3 Bb8 17. Nxc5 Qc8 18. Nxe6 Qxe6 19. Bf4 O-O 20. Bh3 g6 21. Ng5 Qc8 22. Ne4 Nxe5 23. Nf6+ Kg7 24. Nxh5+ gxh5 25. Qxf5 Qxf5 26. Bxf5 Ng6 27. Bc1 Be5 28. Bb2 Rad8 29. Rad1 Bf6 30. f4 Rfe8 31. Kf2 Ne7 32. Be4 Nc6 33. Bf3 Re6 34. Rd3 Rde8 35. Bxh5 Re3 36. Bf3 Rxd3 37. exd3 Nd8 38. Be4 Ne6 39. b4 axb4 40. axb4 b5 41. cxb5 Rb8 42. Bc6 Nc7 43. g4 Nxb5 44. g5 Be7 45. Bxb5 Rxb5 46. Bxd4+ Kg6 47. Bc5 Bxc5+ 48. bxc5 Kf5 49. h5 Rxc5 50. Ke3 Rc8 51. h6 Re8+ 52. Kf3 f6 53. gxf6 Kxf6 54. Ra1 Rd8 55. Ra6+ Kf7 56. Kg4 Rxd3 57. Kg5 Kg8 58. Kg6 Rd6+ 59. Rxd6 1-0


[Site "https://www.chess.com"]

[Event "Titled Tuesday Blitz July 6 2021"]
[White "Ezat, Mohamed"]
[Black "Hryshchenko, Kamila"]
[WhiteFideId "10600906"]
[BlackFideId "14147491"]
[WhiteElo "2414"]
[BlackElo "1966"]
[Result "1-0"]
[Round "09"]
[TimeControl "180+1"]
[Date "2021.07.06"]
[WhiteClock "0:00:14"]
[BlackClock "0:00:04"]

1. e4 d5 2. exd5 Qxd5 3. Nc3 Qe5+ 4. Be2 Bg4 5. d4 Bxe2 6. Ngxe2 Qa5 7. O-O Nf6 8. d5 c6 9. Nf4 cxd5 10. Nfxd5 Nxd5 11. Qxd5 Qxd5 12. Nxd5 Na6 13. c3 Rd8 14. Nf4 Nb8 15. Be3 Nc6 16. b4 b6 17. Rfd1 e6 18. Rxd8+ Kxd8 19. a4 Bd6 20. a5 b5 21. Nd3 Kc7 22. Nc5 Bxc5 23. Bxc5 Rd8 24. a6 Rd3 25. Rc1 Rd2 26. g3 Ra2 27. c4 bxc4 28. b5 Ra5 29. Rxc4 Rxb5 30. Bxa7 Ra5 31. Bd4 f6 32. a7 Kd6 33. Be3 Nxa7 34. Rb4 Nc6 35. Rb7 Ne7 36. Kg2 h5 37. Bd2 Ra4 38. Bb4+ Kc6 39. Rxe7 Rxb4 40. Rxg7 Rb5 41. Rf7 Rf5 42. f4 Kd6 43. Kf3 Kd5 44. Rd7+ Kc6 45. Rd1 Rc5 46. Rd3 Ra5 47. h3 Kc7 48. g4 hxg4+ 49. hxg4 Ra1 50. g5 fxg5 51. fxg5 Rg1 52. Kf4 e5+ 53. Kf5 e4 54. Re3 Kd6 55. Rxe4 Kd7 56. g6 Rf1+ 57. Kg5 Rg1+ 58. Kf6 Rf1+ 59. Kg7 Rh1 60. Kg8 Rh6 61. g7 Rh3 62. Re5 Kd6 63. Re1 Kd7 64. Re4 Kd8 65. Re5 Kd7 66. Kf7 Rf3+ 67. Kg6 Rg3+ 68. Rg5 Re3 69. g8=Q Re7 70. Rd5+ Kc7 71. Qd8+ Kc6 72. Qd6+ Kb7 73. Rb5+ Ka8 74. Qb8# 1-0


[Site "https://www.chess.com"]

[Event "Titled Tuesday Blitz July 6 2021"]
[White "Flores Quillas, Diego Saul Rodri"]
[Black "Mons, Leon"]
[WhiteFideId "3822508"]
[BlackFideId "4614950"]
[WhiteElo "2071"]
[BlackElo "2492"]
[Result "1-0"]
[Round "09"]
[TimeControl "180+1"]
[Date "2021.07.06"]
[WhiteClock "0:01:28"]
[BlackClock "0:00:10"]

1. e4 e5 2. Nf3 Nc6 3. c3 d5 4. Qa4 f6 5. d3 Ne7 6. Nbd2 Be6 7. b4 a6 8. Qc2 Qd7 9. a3 g5 10. h3 Ng6 11. g3 h5 12. Bb2 h4 13. exd5 Bxd5 14. c4 Be6 15. d4 Bf5 16. Bd3 Bxd3 17. Qxd3 Nce7 18. Ne4 Bg7 19. Nc5 Qf5 20. Qxf5 Nxf5 21. g4 Nd6 22. Ne6 Kf7 23. Nxg7 Kxg7 24. dxe5 Nxe5 25. Nxe5 Rhe8 26. O-O-O fxe5 27. c5 Nc4 28. Rd7+ Kg6 29. Rxc7 Rf8 30. Re1 Rxf2 31. Bxe5 Re8 32. Bc3 Rxe1+ 33. Bxe1 Rh2 34. Rxb7 Rxh3 35. c6 Re3 36. c7 Rxe1+ 37. Kc2 Re8 38. Rb8 1-0


[Site "https://www.chess.com"]

[Event "Titled Tuesday Blitz July 6 2021"]
[White "Gedajlovic, Max"]
[Black "Kulkarni, Rakesh"]
[WhiteFideId "2616840"]
[BlackFideId "5037077"]
[WhiteElo "2137"]
[BlackElo "2246"]
[Result "1-0"]
[Round "09"]
[TimeControl "180+1"]
[Date "2021.07.06"]
[WhiteClock "0:00:48"]
[BlackClock "0:00:06"]

1. d4 Nf6 2. c4 e5 3. dxe5 Ng4 4. Nf3 Bc5 5. e3 Nc6 6. b3 Ngxe5 7. Bb2 Nxf3+ 8. Qxf3 O-O 9. Bd3 d6 10. Nd2 Ne5 11. Bxe5 dxe5 12. Qe2 f5 13. O-O Be6 14. Rfd1 Qf6 15. e4 f4 16. Kh1 Rad8 17. Rab1 g5 18. b4 Bd4 19. Nb3 g4 20. f3 Be3 21. c5 gxf3 22. gxf3 Kh8 23. Bc4 Bc8 24. Rxd8 Rxd8 25. Rd1 Rf8 26. Qg2 Be6 27. Bxe6 Qxe6 28. Qg5 Rg8 29. Rd8 Rxd8 30. Qxd8+ Qg8 31. Qf6+ Qg7 32. Qd8+ Qg8 33. Qxg8+ Kxg8 34. Kg2 Kf7 35. Kh3 Kg6 36. Na5 b6 37. Nc4 bxc5 38. Nxe5+ Kg7 39. b5 Kf6 40. Nc4 Ke6 41. Kg4 Bc1 42. Kg5 Kd7 43. Kf6 c6 44. b6 axb6 45. Nxb6+ Kc7 46. Nc4 Kb7 47. e5 1-0


[Site "https://www.chess.com"]

[Event "Titled Tuesday Blitz July 6 2021"]
[White "Golubev, Mikhail"]
[Black "Schut, Han"]
[WhiteFideId "14100983"]
[BlackFideId "1005561"]
[WhiteElo "2374"]
[BlackElo "2057"]
[Result "1-0"]
[Round "09"]
[TimeControl "180+1"]
[Date "2021.07.06"]
[WhiteClock "0:00:08"]
[BlackClock "0:00:09"]

1. e4 c5 2. Nf3 d6 3. d4 cxd4 4. Nxd4 Nf6 5. Nc3 a6 6. Bc4 Nbd7 7. O-O g6 8. a4 Bg7 9. Re1 O-O 10. Bg5 Qb6 11. Bb3 h6 12. Bh4 g5 13. Bg3 Nc5 14. a5 Qc7 15. e5 dxe5 16. Bxe5 Qd8 17. Ba2 Bg4 18. f3 Bh5 19. Nf5 Qe8 20. Bd6 exd6 21. Rxe8 Raxe8 22. Qxd6 Ne6 23. Re1 Rd8 24. Qb6 Nd7 25. Qxb7 Ndc5 26. Qc6 Bxc3 27. bxc3 Bg6 28. Ne7+ Kg7 29. Nxg6 Kxg6 30. Bxe6 Nxe6 31. Qxa6 Rd2 32. Qc4 Rfd8 33. a6 Nf4 34. a7 Rxg2+ 35. Kf1 Rdd2 36. Qc5 Kh5 37. a8=Q Nh3 38. Ra1 Rdf2+ 39. Qxf2 Rxf2+ 40. Ke1 Rxh2 41. Kd1 Nf4 42. Kc1 Re2 43. Kb2 Nd3+ 44. Kb3 Nc5+ 45. Kc4 Ne6 46. Rh1+ Kg6 47. Qg8+ Kf6 48. Qh8+ Kf5 49. Rxh6 Kf4 50. Qf6+ Kg3 51. Qxf7 Nf4 52. Qg7 Kf2 53. Qxg5 Ne6 54. Qh4+ Kf1 55. Qh1+ Kf2 56. Rh2+ Ke3 57. Rxe2+ Kxe2 58. f4 Nxf4 59. Qe4+ 1-0


[Site "https://www.chess.com"]

[Event "Titled Tuesday Blitz July 6 2021"]
[White "Grischuk, Alexander"]
[Black "Yakubboev, Nodirbek"]
[WhiteFideId "4126025"]
[BlackFideId "14203987"]
[WhiteElo "2765"]
[BlackElo "2519"]
[Result "0-1"]
[Round "09"]
[TimeControl "180+1"]
[Date "2021.07.06"]
[WhiteClock "0:00:01"]
[BlackClock "0:00:18"]

1. e4 e5 2. Nf3 Nc6 3. Bb5 a6 4. Ba4 Nf6 5. O-O b5 6. Bb3 Bb7 7. d3 Be7 8. Re1 O-O 9. Nc3 d6 10. a3 Qd7 11. Ne2 Nd8 12. Ng3 Ne6 13. Nf5 Bd8 14. Ng5 Nxg5 15. Bxg5 g6 16. Ne3 Kg7 17. f4 h6 18. Bxf6+ Bxf6 19. f5 Bg5 20. Qg4 Kh8 21. Qh3 h5 22. Rf1 Qe7 23. Rf3 c6 24. Raf1 d5 25. Kh1 Rad8 26. f6 Qc5 27. Qg3 Bh6 28. Nd1 dxe4 29. dxe4 Rd2 30. Nf2 Qd6 31. Rd3 Rxd3 32. Nxd3 Bf4 33. Nxf4 exf4 34. Qg5 Kh7 35. e5 Qd4 36. c3 Qd3 37. Qxf4 c5 38. Kg1 c4 39. Bd1 Re8 40. Bf3 Bxf3 41. Rxf3 Qb1+ 42. Rf1 Qxb2 43. Qd4 Qxa3 44. Qd7 Qf8 45. Re1 Re6 46. h3 Qe8 47. Kh2 Qxd7 0-1


[Site "https://www.chess.com"]

[Event "Titled Tuesday Blitz July 6 2021"]
[White "Harshavardhan G B"]
[Black "Lee, Qing Aun"]
[WhiteFideId "25059009"]
[BlackFideId "5804167"]
[WhiteElo "1825"]
[BlackElo "2023"]
[Result "0-1"]
[Round "09"]
[TimeControl "180+1"]
[Date "2021.07.06"]
[WhiteClock "0:00:37"]
[BlackClock "0:00:10"]

1. e4 e6 2. d4 d5 3. Bd3 dxe4 4. Bxe4 Nf6 5. Bf3 Nbd7 6. Ne2 c5 7. Be3 cxd4 8. Nxd4 e5 9. Nb5 Qa5+ 10. N1c3 Bb4 11. Nd6+ Ke7 12. Nf5+ Kf8 13. O-O h5 14. a3 Bxc3 15. Qd6+ Kg8 16. bxc3 Nf8 17. Ne7+ Kh7 18. Be2 Be6 19. Bd3+ e4 20. Be2 Rd8 21. Qf4 Rd7 22. f3 Rxe7 23. fxe4 Ng6 24. Qf3 Bg4 25. Qf2 Bxe2 26. Qxe2 Rxe4 27. Qd3 Rhe8 28. Bd4 Ng4 29. h3 Nh6 30. Rab1 Qg5 31. Rxb7 Nf4 32. Qf3 Re2 33. g4 hxg4 34. Qxf4 Qh4 35. hxg4 Qh3 36. Bf2 R8e4 37. Rxf7 Rxf4 38. Rxf4 Nxg4 39. Rxg4 Qxg4+ 40. Kh2 Re5 41. Bg3 Rh5+ 42. Kg2 Qh3+ 43. Kg1 Qxg3# 0-1


[Site "https://www.chess.com"]

[Event "Titled Tuesday Blitz July 6 2021"]
[White "Hebden, Mark L"]
[Black "Tomiello, Mateus Costamilan"]
[WhiteFideId "400084"]
[BlackFideId "22701958"]
[WhiteElo "2457"]
[BlackElo "1995"]
[Result "0-1"]
[Round "09"]
[TimeControl "180+1"]
[Date "2021.07.06"]
[WhiteClock "0:00:13"]
[BlackClock "0:00:08"]

1. d4 d5 2. Nf3 Nf6 3. c4 c6 4. e3 e6 5. Bd3 Be7 6. O-O O-O 7. b3 Nbd7 8. Bb2 b6 9. Nc3 Bb7 10. Qc2 Rc8 11. Rad1 Qc7 12. Ne5 Nxe5 13. dxe5 Ng4 14. h3 Nxe5 15. Bxh7+ Kh8 16. cxd5 cxd5 17. Bd3 Bf6 18. Qe2 Nxd3 19. Rxd3 Ba6 20. Nxd5 exd5 21. Qh5+ Kg8 22. Bxf6 Bxd3 23. Qg4 Bg6 24. Bd4 Qc2 25. Qd7 Rc7 26. Qxd5 Qxa2 27. h4 Qc2 28. Qe5 f6 29. Qe6+ Bf7 30. Qg4 Qg6 31. Qf4 Re7 32. Rc1 Re4 33. Qf3 Rg4 34. g3 Rd8 35. Rc7 Bd5 36. Qd1 Qe4 37. f3 Rxg3+ 38. Kh2 Rxf3 39. Qg1 Qxh4+ 40. Kg2 Qg3+ 41. Kh1 Qh3+ 42. Qh2 Rf1# 0-1


[Site "https://www.chess.com"]

[Event "Titled Tuesday Blitz July 6 2021"]
[White "Isajevsky, Anton"]
[Black "Valle Maytin, Luis Enrique"]
[WhiteFideId "4142500"]
[BlackFideId "3503666"]
[WhiteElo "2510"]
[BlackElo "2284"]
[Result "1-0"]
[Round "09"]
[TimeControl "180+1"]
[Date "2021.07.06"]
[WhiteClock "0:00:57"]
[BlackClock "0:00:47"]

1. c4 e5 2. g3 Nc6 3. Bg2 Nf6 4. Nc3 Bc5 5. e3 a5 6. Nge2 d6 7. h3 O-O 8. d4 exd4 9. exd4 Ba7 10. O-O Bf5 11. g4 Bg6 12. Bg5 h6 13. Bh4 Bh7 14. f4 Qe8 15. Bxf6 gxf6 16. Nd5 Qd8 17. f5 Kh8 18. Qd2 Kg7 19. Rad1 Re8 20. Ng3 Bxd4+ 21. Kh1 Be5 22. Nh5+ Kh8 23. Qxh6 Rg8 24. Ndxf6 Bxf6 25. Nxf6 Rg7 26. Bxc6 bxc6 27. Rde1 Qf8 28. Re3 d5 29. Rfe1 Rg6 30. Qxh7# 1-0


[Site "https://www.chess.com"]

[Event "Titled Tuesday Blitz July 6 2021"]
[White "Jakubowski, Krzysztof"]
[Black "Omariev, Maksim"]
[WhiteFideId "1112848"]
[BlackFideId "4193423"]
[WhiteElo "2462"]
[BlackElo "2392"]
[Result "1-0"]
[Round "09"]
[TimeControl "180+1"]
[Date "2021.07.06"]
[WhiteClock "0:00:07"]
[BlackClock "0:00:02"]

1. e4 c5 2. Nf3 d6 3. d4 cxd4 4. Nxd4 Nf6 5. Nc3 a6 6. Be3 Ng4 7. Bc1 Nf6 8. h3 e6 9. g4 Nfd7 10. Be3 b5 11. a3 Bb7 12. Qd2 Nb6 13. O-O-O N8d7 14. f4 Rc8 15. Kb1 Nc5 16. Bd3 Nc4 17. Bxc4 bxc4 18. Qg2 Be7 19. g5 g6 20. h4 Rb8 21. Ka1 Ba8 22. h5 Rg8 23. hxg6 hxg6 24. Rh7 Qa5 25. Rb1 Na4 26. Nxa4 Qxa4 27. Ne2 d5 28. Nc3 Qa5 29. Bd2 d4 30. Na2 Qb6 31. c3 Bxa3 32. Bc1 d3 33. Qh2 Bxe4 34. Rh8 Rxh8 35. Qxh8+ Kd7 36. Qf6 Be7 37. Qxf7 d2 38. Bxd2 Bxb1 39. Nb4 a5 40. f5 axb4 41. f6 1-0


[Site "https://www.chess.com"]

[Event "Titled Tuesday Blitz July 6 2021"]
[White "Karavaeva, Olga"]
[Black "Kalajzic, Ivan"]
[WhiteFideId "4124111"]
[BlackFideId "14506378"]
[WhiteElo "2105"]
[BlackElo "2163"]
[Result "0-1"]
[Round "09"]
[TimeControl "180+1"]
[Date "2021.07.06"]
[WhiteClock "0:00:17"]
[BlackClock "0:00:17"]

1. c4 Nc6 2. g3 e5 3. Bg2 Bc5 4. e3 d6 5. Ne2 Bf5 6. d4 Bb4+ 7. Bd2 Bxd2+ 8. Qxd2 Qd7 9. h4 Nf6 10. Nbc3 O-O 11. a3 exd4 12. exd4 Rfe8 13. O-O Ne4 14. Qf4 Nxc3 15. Nxc3 Bh3 16. Rfe1 Bxg2 17. Kxg2 h6 18. Nd5 Ne7 19. Ne3 Ng6 20. Qf3 c6 21. Nf5 d5 22. c5 Rxe1 23. Rxe1 Re8 24. Rxe8+ Qxe8 25. h5 Nf8 26. Qg4 Qe4+ 27. Qxe4 dxe4 28. Nd6 Ne6 29. Nxb7 Nxd4 30. b4 Kf8 31. Nd6 f5 32. Nc8 a6 33. Nd6 Ke7 34. Nc4 Ke6 35. Kf1 Kd5 36. Ne3+ Ke5 37. Nc4+ Kd5 38. Nb6+ Ke5 39. Ke1 Nc2+ 40. Kd2 Nxa3 41. Kc3 f4 42. gxf4+ Kxf4 43. Nd7 Kf3 44. Ne5+ Kxf2 45. Nxc6 e3 46. Nd4 Nb5+ 47. Nxb5 axb5 48. c6 e2 49. c7 e1=Q+ 50. Kd4 Qe8 51. Kc5 Kg3 0-1


[Site "https://www.chess.com"]

[Event "Titled Tuesday Blitz July 6 2021"]
[White "Karttunen, Mika"]
[Black "Lagunow, Raphael"]
[WhiteFideId "502081"]
[BlackFideId "24652644"]
[WhiteElo "2343"]
[BlackElo "2400"]
[Result "0-1"]
[Round "09"]
[TimeControl "180+1"]
[Date "2021.07.06"]
[WhiteClock "0:00:34"]
[BlackClock "0:00:25"]

1. e4 c5 2. Nf3 Nc6 3. d4 cxd4 4. Nxd4 Nf6 5. Nc3 e5 6. Ndb5 d6 7. Nd5 Nxd5 8. exd5 Ne7 9. a4 a6 10. Nc3 Nf5 11. h4 Be7 12. g3 O-O 13. Bg2 Nd4 14. O-O f5 15. f4 Bf6 16. Be3 Bd7 17. a5 Rc8 18. Qd2 Qc7 19. Kh2 Qc4 20. Rf2 e4 21. Bf1 Qb4 22. Nxe4 Qxd2 23. Nxf6+ Rxf6 24. Bxd2 Rxc2 25. Bc3 Rxf2+ 26. Kg1 Rd2 27. Bxd2 Nf3+ 28. Kf2 Nxd2 29. Bd3 Bb5 30. Rd1 Bxd3 31. Rxd2 Be4 32. Rd4 Rf7 33. Rb4 Bxd5 34. Rd4 Bc6 35. Rxd6 g6 36. Re6 Kg7 37. Ke3 Rd7 38. h5 gxh5 39. Re5 Rd5 40. Re7+ Kg6 41. Re6+ Kf7 42. Rh6 Kg7 43. Rxh5 Rxa5 44. g4 Rb5 45. gxf5 Rxb2 46. f6+ Kxf6 47. Rxh7 Rb3+ 48. Kd4 Rb4+ 49. Kc5 Rxf4 50. Kb6 Rb4+ 51. Ka7 a5 52. Rh2 a4 53. Ra2 Ke5 54. Kb8 Kd4 55. Kc7 Kc3 56. Rh2 Kb3 0-1


[Site "https://www.chess.com"]

[Event "Titled Tuesday Blitz July 6 2021"]
[White "Kavyev, Ruslan"]
[Black "Plat, Vojtech"]
[WhiteFideId "34110981"]
[BlackFideId "325740"]
[WhiteElo "2172"]
[BlackElo "2486"]
[Result "1-0"]
[Round "09"]
[TimeControl "180+1"]
[Date "2021.07.06"]
[WhiteClock "0:00:20"]
[BlackClock "0:00:09"]

1. e4 c5 2. Nf3 Nc6 3. d4 cxd4 4. Nxd4 e5 5. Nb5 a6 6. Nd6+ Bxd6 7. Qxd6 Qf6 8. Qd1 Qg6 9. Nc3 d5 10. Nxd5 Qxe4+ 11. Be3 Nd4 12. Nc7+ Ke7 13. Nxa8 Nxc2+ 14. Kd2 Nxe3 15. fxe3 Nf6 16. Qc2 Rd8+ 17. Bd3 Qxg2+ 18. Kc3 Qc6+ 19. Kd2 Qg2+ 20. Kc3 Rxd3+ 21. Qxd3 Nd5+ 22. Kb3 Be6 23. Ka3 b5 24. Rhd1 b4+ 25. Ka4 Qxb2 26. Nc7 Nc3+ 27. Ka5 Qa3+ 28. Kb6 Na4+ 29. Ka7 Qxd3 30. Rxd3 Bc4 31. Rd2 a5 32. Nd5+ Ke6 33. Nb6 Nxb6 34. Kxb6 b3 35. axb3 Bxb3 36. Rxa5 Bc4 37. Kc5 Bf1 38. Ra1 Bh3 39. Rf2 f6 40. Ra7 g6 41. Ra6+ 1-0


[Site "https://www.chess.com"]

[Event "Titled Tuesday Blitz July 6 2021"]
[White "Keymer, Vincent"]
[Black "Jarovinsky, Alexey"]
[WhiteFideId "12940690"]
[BlackFideId "14115131"]
[WhiteElo "2474"]
[BlackElo "2446"]
[Result "1-0"]
[Round "09"]
[TimeControl "180+1"]
[Date "2021.07.06"]
[WhiteClock "0:00:21"]
[BlackClock "0:00:02"]

1. Nf3 Nc6 2. d4 d6 3. c4 Nf6 4. Nc3 Bg4 5. d5 Nb8 6. e4 g6 7. Be2 Bg7 8. O-O O-O 9. h3 Bxf3 10. Bxf3 Nfd7 11. Be3 a5 12. Qc2 Na6 13. a3 c6 14. Be2 Nac5 15. Rac1 a4 16. Rcd1 Qa5 17. Bd4 Bxd4 18. Rxd4 Nb3 19. Rdd1 c5 20. f4 Nd4 21. Qd2 e6 22. Bd3 exd5 23. Nxd5 Qxd2 24. Rxd2 f5 25. exf5 gxf5 26. Bc2 Nf6 27. Ne7+ Kh8 28. Nxf5 Nxc2 29. Rxc2 Ne4 30. g4 Rae8 31. Re1 Nf6 32. Rxe8 Rxe8 33. Nxd6 Re3 34. Kg2 Rb3 35. Re2 Kg7 36. Nb5 Kf7 37. Nc3 Nd7 38. Nxa4 b5 39. cxb5 Rxb5 40. Nc3 Rb3 41. g5 Kg6 42. Kf3 Nb6 43. Kg4 Nc4 44. f5+ Kf7 45. h4 Nxb2 46. Nd5 Rxa3 47. Re7+ Kf8 48. Rxh7 Ra4+ 49. Kh5 Rd4 50. f6 Nd3 51. Nc7 Nf4+ 52. Kh6 1-0


[Site "https://www.chess.com"]

[Event "Titled Tuesday Blitz July 6 2021"]
[White "Khalafova, Narmin"]
[Black "Wagner, Dennis"]
[WhiteFideId "13402625"]
[BlackFideId "24650684"]
[WhiteElo "2109"]
[BlackElo "2355"]
[Result "0-1"]
[Round "09"]
[TimeControl "180+1"]
[Date "2021.07.06"]
[WhiteClock "0:00:13"]
[BlackClock "0:00:32"]

1. e4 c5 2. Be2 Nc6 3. f4 e6 4. Nf3 d5 5. e5 Nge7 6. O-O Nf5 7. c3 h5 8. Na3 Be7 9. Nc2 Bd7 10. d4 Rc8 11. Ne3 g6 12. Nxf5 gxf5 13. Ng5 cxd4 14. Bxh5 Bxg5 15. fxg5 dxc3 16. g6 Qb6+ 17. Kh1 cxb2 18. g7 Rg8 19. Bxf7+ Kd8 20. Rb1 Rxg7 21. Qh5 Kc7 22. Bxb2 Qa6 23. Rxf5 exf5 24. e6 Qxa2 25. Qe2 Qxb1+ 0-1


[Site "https://www.chess.com"]

[Event "Titled Tuesday Blitz July 6 2021"]
[White "Khanin, Semen"]
[Black "Le, Tuan Minh"]
[WhiteFideId "4111990"]
[BlackFideId "12401153"]
[WhiteElo "2521"]
[BlackElo "2450"]
[Result "0-1"]
[Round "09"]
[TimeControl "180+1"]
[Date "2021.07.06"]
[WhiteClock "0:00:15"]
[BlackClock "0:00:18"]

1. e4 c5 2. Nf3 Nf6 3. e5 Nd5 4. Nc3 e6 5. Nxd5 exd5 6. c3 Nc6 7. d4 d6 8. exd6 Bxd6 9. dxc5 Bxc5 10. Bd3 O-O 11. O-O Bg4 12. h3 Bh5 13. Re1 Qf6 14. Be2 Qd6 15. Bg5 h6 16. Bh4 Bxf3 17. Bxf3 g5 18. b4 Bb6 19. Bxd5 Rad8 20. Bxc6 Qxc6 21. Qg4 f5 22. Qg3 Bc7 23. f4 Bxf4 24. Qf2 Rd2 25. Re2 Rxe2 26. Qxe2 gxh4 27. Rf1 Bg5 28. c4 Re8 29. Qd3 Qe4 30. Qd7 Re7 31. Qc8+ Kg7 32. c5 Qxb4 33. Qxf5 Qd4+ 34. Kh1 Qf6 35. Qd3 Qe5 36. Qf3 Kh7 37. Qd3+ Qe4 38. Qd6 Rg7 39. Qd1 Be3 40. Qe2 Rg3 41. Kh2 Bg1+ 0-1


[Site "https://www.chess.com"]

[Event "Titled Tuesday Blitz July 6 2021"]
[White "Khusnutdinov, Rustam"]
[Black "Maghsoodloo, Parham"]
[WhiteFideId "13701703"]
[BlackFideId "12539929"]
[WhiteElo "2571"]
[BlackElo "2601"]
[Result "0-1"]
[Round "09"]
[TimeControl "180+1"]
[Date "2021.07.06"]
[WhiteClock "0:01:41"]
[BlackClock "0:02:17"]

1. d4 Nf6 2. c4 e6 3. Nc3 Bb4 4. f3 d5 5. a3 Be7 6. e4 dxe4 7. fxe4 c5 8. d5 exd5 9. exd5 Bd6 10. Nb5 Be5 11. Nf3 Bg4 12. Be2 Bxf3 13. Bxf3 a6 14. Nc3 Qd6 15. Bg5 Nbd7 16. Qc2 O-O 17. O-O-O Rab8 18. Ne4 Nxe4 19. Bxe4 h6 20. Bd2 b5 21. Rhf1 bxc4 22. Bc3 Rb3 23. Bxe5 Nxe5 0-1


[Site "https://www.chess.com"]

[Event "Titled Tuesday Blitz July 6 2021"]
[White "Kiltti, Jyrki"]
[Black "Kubatko, Ivan"]
[WhiteFideId "501204"]
[BlackFideId "24111473"]
[WhiteElo "2245"]
[BlackElo "2285"]
[Result "1-0"]
[Round "09"]
[TimeControl "180+1"]
[Date "2021.07.06"]
[WhiteClock "0:01:45"]
[BlackClock "0:00:51"]

1. Nc3 d5 2. e4 dxe4 3. f3 e5 4. fxe4 Nf6 5. Nf3 Bc5 6. Bc4 O-O 7. d3 Ng4 8. Rf1 Nxh2 9. Rh1 Ng4 10. d4 Bxd4 11. Nxd4 Qxd4 12. Qxd4 exd4 13. Nd5 Be6 14. Ne7+ Kh8 15. Bxe6 fxe6 16. Ng6+ Kg8 17. Nxf8 Kxf8 18. Rxh7 Kg8 19. Rh4 Nf6 20. e5 Nd5 21. Rxd4 Nc6 22. Rd1 Nxe5 23. b3 Ne3 24. Bxe3 1-0


[Site "https://www.chess.com"]

[Event "Titled Tuesday Blitz July 6 2021"]
[White "Koelle, Tobias"]
[Black "Moon_stone123"]
[WhiteFideId "16207378"]
[WhiteElo "2364"]
[BlackElo "2426"]
[Result "1-0"]
[Round "09"]
[TimeControl "180+1"]
[Date "2021.07.06"]
[WhiteClock "0:00:03"]
[BlackClock "0:00:04"]

1. Nf3 Nf6 2. c4 g6 3. g3 Bg7 4. b3 O-O 5. Bb2 d6 6. Bg2 e5 7. O-O Nc6 8. d3 Re8 9. Nc3 e4 10. Nxe4 Nxe4 11. Bxg7 Kxg7 12. dxe4 Rxe4 13. e3 Re8 14. Nd4 Bd7 15. Nxc6 Bxc6 16. Qd4+ Qf6 17. Qxf6+ Kxf6 18. Bxc6 bxc6 19. Rfd1 c5 20. Rd5 a5 21. Rb1 Reb8 22. e4 Re8 23. Re1 Re5 24. Rd3 a4 25. f4 Ree8 26. Kg2 axb3 27. axb3 Ra2+ 28. Kh3 Rb2 29. Ree3 h5 30. e5+ Kg7 31. exd6 Rxe3 32. Rxe3 cxd6 33. Rd3 h4 34. Rxd6 hxg3 35. hxg3 Rxb3 36. Rc6 Rc3 37. Rxc5 Kf6 38. Rc7 Ke6 39. Kg4 f5+ 40. Kh4 Kf6 41. c5 Ke6 42. Rc8 Kd7 43. Rg8 Rxc5 44. Rxg6 Ke7 45. Kg5 Ra5 46. Rh6 Rb5 47. Rh7+ Ke6 48. Ra7 Rb3 49. Ra6+ Kf7 50. Kxf5 Rxg3 51. Ra7+ Kf8 52. Kf6 1-0


[Site "https://www.chess.com"]

[Event "Titled Tuesday Blitz July 6 2021"]
[White "Kokoszczynski, Jan"]
[Black "Pourkashiyan, Atousa"]
[WhiteFideId "1174460"]
[BlackFideId "12502014"]
[WhiteElo "2166"]
[BlackElo "2285"]
[Result "1-0"]
[Round "09"]
[TimeControl "180+1"]
[Date "2021.07.06"]
[WhiteClock "0:00:03"]
[BlackClock "0:00:12"]

1. e4 c5 2. Nf3 e6 3. d4 cxd4 4. Nxd4 a6 5. c4 Nf6 6. Nc3 Qc7 7. a3 b6 8. Be3 Bb7 9. f3 Nc6 10. Rc1 Nxd4 11. Bxd4 Bd6 12. g3 Bc5 13. b4 Bxd4 14. Qxd4 d6 15. Bg2 O-O 16. O-O Rac8 17. Rfd1 Rfd8 18. Bf1 Nd7 19. f4 Nf6 20. Bd3 h6 21. Qf2 e5 22. Rc2 exf4 23. gxf4 Re8 24. Nd5 Bxd5 25. cxd5 Qb7 26. Qd4 Qd7 27. Rg2 Nh5 28. Bxa6 g6 29. Bxc8 Qxc8 30. e5 Kh7 31. e6 fxe6 32. Qe4 Rg8 33. dxe6 Nf6 34. Qd4 Qxe6 35. Qxd6 Qe3+ 36. Kh1 Ne4 37. Qd4 Qf3 38. Qg1 Rg7 39. Rf1 Qd3 40. f5 g5 41. f6 Rf7 42. Qxb6 Qd5 43. Qe3 Nd6 44. Re1 Nf5 45. Qe4 Qxe4 46. Rxe4 Rxf6 47. Re1 Nh4 48. Rge2 Nf3 49. Ra1 Kg6 50. a4 Nd4 51. Rb2 Rb6 52. b5 g4 53. a5 Rxb5 54. Rxb5 Nxb5 55. a6 Na7 56. Rb1 h5 57. Rb7 Nc6 58. Rc7 Nd4 59. a7 Kg5 60. a8=Q Kh4 61. Qa3 Nf3 62. Rc3 Kh3 63. Rxf3+ Kh4 64. Rh3+ gxh3 65. Qg3# 1-0


[Site "https://www.chess.com"]

[Event "Titled Tuesday Blitz July 6 2021"]
[White "Koridze, Lile"]
[Black "Manukyan, Artyom"]
[WhiteFideId "13612514"]
[BlackFideId "13305786"]
[WhiteElo "1978"]
[BlackElo "2034"]
[Result "1-0"]
[Round "09"]
[TimeControl "180+1"]
[Date "2021.07.06"]
[WhiteClock "0:00:43"]
[BlackClock "0:00:01"]

1. d4 d5 2. c4 e6 3. Nc3 Nf6 4. e3 Be7 5. Nf3 O-O 6. Bd3 dxc4 7. Bxc4 a6 8. O-O b5 9. Bd3 Bb7 10. Qe2 Nbd7 11. Rd1 c5 12. dxc5 Bxc5 13. a3 Qb6 14. b4 Be7 15. Bb2 Rfd8 16. Nd4 Ne5 17. Bc2 Rac8 18. Bb3 Nc4 19. Rac1 Bf8 20. Na4 Qd6 21. Bxc4 bxc4 22. Nc5 Qb6 23. Qxc4 Bxc5 24. bxc5 Qxb2 25. Rb1 Qxa3 26. Rxb7 Rxc5 27. Qf1 Rcd5 28. Rdb1 Qd6 29. h3 h6 30. R7b6 Qa3 31. Nc6 Re8 32. Rxa6 Qc3 33. Rab6 e5 34. Nb4 Rdd8 35. Rc6 Qd2 36. Na6 Rc8 37. Rc7 Rxc7 38. Nxc7 Rc8 39. Nb5 Rc2 40. Rd1 1-0


[Site "https://www.chess.com"]

[Event "Titled Tuesday Blitz July 6 2021"]
[White "Kotsur, Pavel"]
[Black "Gabrielian, Artur"]
[WhiteFideId "13700278"]
[BlackFideId "4131002"]
[WhiteElo "2521"]
[BlackElo "2523"]
[Result "0-1"]
[Round "09"]
[TimeControl "180+1"]
[Date "2021.07.06"]
[WhiteClock "0:00:14"]
[BlackClock "0:00:19"]

1. e4 c5 2. Nf3 Nc6 3. d4 cxd4 4. Nxd4 Nf6 5. Nc3 d6 6. Bg5 Bd7 7. Qd2 a6 8. f3 e6 9. O-O-O Nxd4 10. Qxd4 h6 11. Be3 Bc6 12. Kb1 d5 13. exd5 Nxd5 14. Nxd5 Qxd5 15. Bc4 Qxd4 16. Bxd4 h5 17. h4 Be7 18. Be3 Rc8 19. Bd3 Rd8 20. Kc1 Rg8 21. Bg5 Bxg5+ 22. hxg5 g6 23. Rh4 Ke7 24. Rb4 Rd5 25. Be4 Rxg5 26. Bxc6 bxc6 27. Rd2 Rd8 28. Rb7+ Ke8 29. Re2 a5 30. Rc7 Rd6 31. b3 Rc5 32. Kb2 Rd7 33. Rc8+ Rd8 34. Rc7 Rd7 35. Rc8+ Ke7 36. a4 h4 37. c3 Rcd5 38. Kc2 Rc5 39. Kb2 g5 40. b4 Rcd5 41. Rc2 Rb7 42. Kb3 Kd7 43. Rf8 Rf5 44. Rd2+ Ke7 45. Rc8 Rd5 46. Rxd5 cxd5 47. Rc5 f5 48. Rxa5 g4 49. fxg4 fxg4 50. Ra8 Kf6 51. Rh8 h3 52. g3 Kg6 53. a5 Rh7 54. Rxh7 Kxh7 55. a6 h2 56. a7 h1=Q 57. a8=Q Qb1+ 0-1


[Site "https://www.chess.com"]